 Dungeon Crawl Stone Soup version 0.22-a0-189-g981819d (webtiles) character file.

10808 wolfsongas the Cleaver (level 11, -2/100 HPs)
             Began as a Deep Dwarf Fighter on Feb 15, 2018.
             Was an Elder of Makhleb.
             Slain by a 19-headed hydra (7 damage)
             ... on level 1 of the Lair of Beasts.
             The game lasted 00:21:47 (10221 turns).

wolfsongas the Cleaver (Deep Dwarf Fighter)        Turns: 10221, Time: 00:21:47

Health: -2/100     AC: 14    Str: 22    XL:     11   Next: 41%
Magic:  21/21      EV: 19    Int: 10    God:    Makhleb [****..]
Gold:   1234       SH: 18    Dex: 21    Spells: 10/10 levels left

rFire    + . .     SeeInvis .   s - +0 broad axe
rCold    . . .     Gourm    .   t - +0 large shield
rNeg     . . .     Faith    +   m - +3 ring mail "Netimiot" {rCorr MP+9 Dex+4}
rPois    .         Spirit   .   h - +1 helmet
rElec    .         Reflect  .   p - +0 cloak
rCorr    +         Harm     .   (no gloves)
MR       ++...                  (no boots)
Stlth    ++........             k - amulet of faith
HPRegen  0.00/turn              z - ring of protection from fire
MPRegen  0.17/turn              B - ring of magical power

@: agile, non-regenerating, hasted, very quick
A: damage resistance, heal wounds, magic resistance 1, sense surroundings 2,
shaggy fur 1, no regeneration
a: Heal Wounds, Minor Destruction, Lesser Servant of Makhleb, Major Destruction,
Renounce Religion


You were on level 1 of the Lair of Beasts.
You worshipped Makhleb.
Makhleb was greatly pleased with you.
You were hungry.

You visited 3 branches of the dungeon, and saw 15 of its levels.
You also visited: Sewer and Bailey.

You collected 1234 gold pieces.

Inventory:

Hand Weapons
 s - a +0 broad axe (weapon)
Armour
 c - a +0 plate armour
 h - a +1 helmet (worn)
 m - the +3 ring mail "Netimiot" (worn) {rCorr MP+9 Dex+4}
   (You found it on level 5 of the Dungeon)

   It affects your dexterity (+4).
   It affects your magic capacity (+9).
   It protects you from acid and corrosion.
 p - a +0 cloak (worn)
 t - a +0 large shield (worn)
Jewellery
 k - an amulet of faith (around neck)
 z - a ring of protection from fire (left hand)
 B - a ring of magical power (right hand)
Wands
 j - a wand of iceblast (14)
 l - a wand of disintegration (21)
Scrolls
 d - 3 scrolls of blinking
 e - 2 scrolls of amnesia
 i - 6 scrolls of remove curse
 r - 2 scrolls of magic mapping
 u - a scroll of fear
 v - 2 scrolls of fog
 w - a scroll of identify
 y - 3 scrolls of teleportation
Potions
 g - a potion of magic
 n - 3 potions of brilliance
 o - a potion of haste
 x - 8 potions of curing
Comestibles
 f - 15 rations


   Skills:
 + Level 7.3 Fighting
 * Level 11.6 Axes
 + Level 8.7 Armour
 + Level 8.1 Dodging
 + Level 8.9 Shields


You had 10 spell levels left.
You didn't know any spells.

Dungeon Overview and Level Annotations

Branches:
Dungeon (12/15)            Temple (1/1) D:7            Lair (2/6) D:10
    Orc (0/2) D:11
  Swamp: Lair:2-4    Shoals: Lair:2-4     Snake: Lair:2-4    Spider: Lair:2-4

Altars:
Ashenzari
Cheibriados
Dithmenos
Gozag
Hepliaklqana
Kikubaaqudgha
Makhleb
Nemelex Xobeh
Okawaru
Qazlal
Ru
Uskayaw
Vehumet
Wu Jian
Xom
Yredelemnul
Zin
The Shining One

Shops:
D:4 =   D:7 ?:(=:   D:10 (

Annotations:
Lair:1 exclusion: 2 oklob plants


Innate Abilities, Weirdness & Mutations

You are resistant to damage.
You can heal yourself by infusing magical energy.
You passively map the area around you.
You do not regenerate.
You are resistant to hostile enchantments. (MR+)
You are covered in fur. (AC +1)


Message History

The 20-headed hydra is lightly wounded.
You chop one of the 20-headed hydra's heads off!
You slash the 19-headed hydra!
The 19-headed hydra is moderately wounded.
You block the 19-headed hydra's attack. The 19-headed hydra bites you.
You block the 19-headed hydra's attack.
The 19-headed hydra bites you but does no damage.
You block the 19-headed hydra's attack. x2; The 19-headed hydra bites you!
* * * LOW HITPOINT WARNING * * *
The 19-headed hydra bites you!
* * * LOW HITPOINT WARNING * * *
You block the 19-headed hydra's attack. The 19-headed hydra barely misses you.
The 19-headed hydra bites you!
* * * LOW HITPOINT WARNING * * *
The 19-headed hydra bites you but does no damage. x2
The 19-headed hydra closely misses you. The 19-headed hydra barely misses you.
The 19-headed hydra bites you!
* * * LOW HITPOINT WARNING * * *
The 19-headed hydra bites you!
You die...

........###### ###....
..........##.# ### #####.....#
....##......#######.###.#.......#
...#####........................#
...# ####.....................#
..## #............##......... ..#
##.........######........ .##
##......D...# #......... ##
#........@.## ##........
##........># #.......#
#.........†# #.....###
##P........# ##.#### ##.####...#
### ### #####


You could see a 19-headed hydra.

Vanquished Creatures
  The ghost of wolfdryt719 the Protected, a novice HuFi of Qazlal (D:7)
  An unseen horror (D:11)
  A black mamba (Lair:1)
  A spiny frog (Lair:1)
  A rime drake (Lair:1)
  2 komodo dragons
  2 trolls
  7 blink frogs (Lair:1)
  A hippogriff (Lair:1)
  4 hungry ghosts
  2 soldier ants
  2 water moccasins
  4 porcupines (Lair:1)
  10 orc warriors
  A black bear (Lair:1)
  An ice beast (D:11)
  3 phantoms
  A sky beast (D:6)
  2 ogres (D:6)
  2 centaurs
  3 wolves (Lair:1)
  5 crocodiles (Lair:1)
  A big kobold (D:4)
  2 bullfrogs (Sewer)
  A water moccasin skeleton (D:6)
  9 howler monkeys
  3 wights (D:8)
  2 electric eels (D:11)
  3 crimson imps
  A quasit (D:6)
  2 bullfrog zombies
  4 hounds
  Crazy Yiuf (D:4)
  6 orc priests
  8 jellies
  7 orc wizards
  A bullfrog skeleton (D:11)
  A centaur skeleton (D:4)
  Terence (D:2)
  5 worker ants
  A killer bee zombie (D:10)
  A hound skeleton (D:4)
  2 worker ant zombies
  A howler monkey zombie (D:7)
  3 gnolls (Bailey)
  19 adders
  8 river rats (Sewer)
  A shadow imp (D:5)
  5 oozes (D:8)
  3 adder zombies
  5 adder skeletons
  4 worms
  5 dart slugs
  8 leopard geckos
  25 orcs
  12 ball pythons
  7 giant cockroaches
  14 goblins
  11 hobgoblins
  6 jackals
  37 kobolds
  2 quokkas
  9 bats
  3 frilled lizards
  31 rats
  9 fungi
  9 plants
356 creatures vanquished.

Vanquished Creatures (others)
  The ghost of TwoGrow the Slasher, a novice TeWr of Kikubaaqudgha (D:4)
  2 orcs (D:11)
  A fungus (Lair:2)
  2 plants (D:10)
6 creatures vanquished.

Grand Total: 362 creatures vanquished

Notes
Turn   | Place    | Note
-------+----------+-------------------------------------------
     0 | D:1      | wolfsongas the Deep Dwarf Fighter began the quest for the Orb.
     0 | D:1      | Reached XP level 1. HP: 20/20 MP: 1/1
    92 | D:1      | Reached XP level 2. HP: 27/27 MP: 2/2
   211 | D:1      | Reached skill level 1 in Dodging
   421 | D:1      | Reached XP level 3. HP: 29/33 MP: 3/3
   782 | D:1      | Reached skill level 3 in Axes
  1246 | D:2      | Gained mutation: You are resistant to hostile enchantments. (MR+) [potion of mutation]
  1246 | D:2      | Gained mutation: You are covered in fur. (AC +1) [potion of mutation]
  1253 | D:2      | Noticed Terence
  1270 | D:2      | Killed Terence
  1270 | D:2      | Reached XP level 4. HP: 13/42 MP: 4/4
  2167 | D:3      | Reached XP level 5. HP: 42/49 MP: 4/4
  2273 | D:3      | Found a shadowy altar of Dithmenos.
  2299 | D:3      | Reached skill level 4 in Axes
  2550 | D:4      | HP: 2/49 [something/puff of flame (5)]
  2554 | D:4      | Reached XP level 6. HP: 25/56 MP: 5/5
  2569 | D:4      | Found Emishid's Jewellery Emporium.
  2891 | D:4      | Reached skill level 5 in Axes
  3102 | D:4      | Reached XP level 7. HP: 34/63 MP: 6/6
  3120 | D:4      | Noticed TwoGrow's ghost (novice TeWr)
  3162 | D:4      | Killed TwoGrow's ghost
  3373 | D:4      | Found a runed door.
  3378 | D:4      | Noticed Crazy Yiuf
  3387 | D:4      | Killed Crazy Yiuf
  3621 | D:5      | Entered Level 5 of the Dungeon
  3630 | D:5      | Reached skill level 5 in Armour
  3638 | D:5      | Reached skill level 5 in Shields
  3760 | D:5      | Found an opulent altar of Gozag.
  3930 | D:5      | Reached skill level 6 in Axes
  4047 | D:5      | Got a distressingly furry ring mail
  4058 | D:5      | Identified the +3 ring mail "Netimiot" {rCorr MP+9 Dex+4} (You found it on level 5 of the Dungeon)
  4084 | D:5      | Found a glowing drain.
  4118 | Sewer    | Entered a sewer
  4290 | Sewer    | Reached XP level 8. HP: 40/72 MP: 4/4
  4832 | D:6      | Reached skill level 7 in Axes
  5180 | D:7      | Found Maitux's Antique Weapon Emporium.
  5192 | D:7      | Reached skill level 5 in Dodging
  5256 | D:7      | Reached skill level 5 in Fighting
  5319 | D:7      | Found Putres's Book Shoppe.
  5370 | D:7      | Noticed wolfdryt719's ghost (novice HuFi)
  5386 | D:7      | Killed wolfdryt719's ghost
  5386 | D:7      | Reached skill level 8 in Axes
  5386 | D:7      | Gained mutation: You passively map the area around you. [Deep Dwarf growth]
  5386 | D:7      | Reached XP level 9. HP: 49/81 MP: 4/4
  5511 | D:7      | Found Ywerunast's Book Boutique.
  5520 | D:7      | Found Remyn's Jewellery Boutique.
  5701 | D:7      | Found a staircase to the Ecumenical Temple.
  5752 | D:7      | Found Duiganeof's Magic Scroll Shop.
  5877 | Temple   | Entered the Ecumenical Temple
  5985 | Temple   | Became a worshipper of Makhleb the Destroyer
  6850 | D:9      | Reached skill level 9 in Axes
  6935 | D:9      | Found a hide-covered altar of Uskayaw.
  7071 | D:9      | Found a snail-covered altar of Cheibriados.
  7291 | D:9      | Reached * piety under Makhleb
  7431 | D:10     | Entered Level 10 of the Dungeon
  7446 | D:10     | Noticed a troll
  7458 | D:10     | Killed a troll
  7481 | D:10     | Found a staircase to the Lair.
  7481 | D:10     | Noticed a komodo dragon
  7505 | D:10     | Killed a komodo dragon
  7575 | D:10     | Reached XP level 10. HP: 81/91 MP: 5/5
  7751 | D:10     | Found Nuafeda's Weapon Emporium.
  8477 | D:11     | Reached ** piety under Makhleb
  8477 | D:11     | Reached skill level 10 in Axes
  8724 | D:11     | Killed an unseen horror
  8759 | D:11     | You fall through a shaft!
  8781 | D:12     | Found a flagged portal.
  8792 | Bailey   | Entered a bailey
  8957 | Bailey   | Reached *** piety under Makhleb
  9227 | D:12     | Noticed an eight-headed hydra
  9266 | Lair:1   | Entered Level 1 of the Lair of Beasts
  9293 | Lair:1   | Reached skill level 11 in Axes
  9304 | Lair:1   | Reached XP level 11. HP: 57/99 MP: 6/6
  9830 | Lair:1   | Reached **** piety under Makhleb
  9848 | Lair:1   | Noticed an oklob plant
  9848 | Lair:1   | Noticed an oklob plant
 10141 | Lair:2   | Noticed an eight-headed hydra
 10221 | Lair:1   | HP: 5/100 [19-headed hydra (6)]
 10221 | Lair:1   | Slain by a 19-headed hydra

Vault maps used:
D:1:      erik_arrival_cave_to_civilisation, serial_bayou_lagoon_a,
          grunt_decor_arrowhead
D:2:      grunt_decor_clamped, uniq_terence
D:3:      grunt_dithmenos_smoke
D:4:      kennysheep_kobold_camp, serial_shops, shop, first_ration,
          st_stairs_13, uniq_crazy_yiuf_cottage
D:5:      nicolae_gozag_seed_capital, cheibrodos_sewer_entry_bend,
          minmay_gold_behind_fungi
D:7:      temple_hall, serial_shops, shop, shop, shop, shop, shop_fountains
D:8:      hangedman_little_slice_of_home
D:9:      cheibrodos_worm_habitat, eat_drink_and_be_merry_uskayaw,
          grunt_ministairs_3, nicolae_underground_beach
D:10:     david_lair_shrubbed, serial_shops, shop_coins
D:11:     erik_orc_2, uniq_grum
D:12:     enter_bailey_3, eino_small_chamber_without_monster,
          kennysheep_small_square
Temple:   dpeg_five_rooms_temple
Lair:1:   minmay_lair_oklob_chamber
Lair:2:   minmay_shoals_entry_lonely_mermaid, grunt_megastairs_4
Sewer:    sewer_minmay_w
Bailey:   bailey_axe_4, bailey

Skill      XL: |  1  2  3  4  5  6  7  8  9 10 11 |
---------------+----------------------------------+-----
Dodging        | 1 2 3 4 5 6 7 8 |  8.1
Axes           | 3 4 5 6 8 9 11 | 11.6
Fighting       | 3 4 5 6 7 |  7.3
Armour         | 4 5 6 7 8 |  8.7
Shields        | 4 5 6 7 8 |  8.9

Action                   |  1- 3 |  4- 6 |  7- 9 | 10-12 || total
-------------------------+-------+-------+-------+-------++-------
Melee: War axe           |   108 |   263 |   490 |   258 ||  1119
       Broad axe         |       |       |       |   188 ||   188
Invok: Major Destruction |       |       |       |     1 ||     1
 Abil: Heal Wounds       |       |     5 |     9 |    15 ||    29
Evoke: Wand              |       |       |       |     7 ||     7
  Use: Scroll            |     4 |     4 |    10 |     8 ||    26
       Potion            |     3 |     2 |    11 |    11 ||    27
  Eat: Chunk             |     1 |     7 |     6 |     6 ||    20
       Ration            |       |       |     6 |     3 ||     9
Armor: Scale mail        |    71 |   156 |    61 |       ||   288
       Ring mail         |       |       |   175 |   161 ||   336
Dodge: Dodged            |    30 |   121 |   224 |   240 ||   615
Block: Shield            |    74 |   160 |   247 |       ||   481
       Large shield      |       |       |    82 |   504 ||   586

Table legend:
 A = Spawn XP
 B = Non-spawn XP
 C = Spawn XP percentage of total XP
 D = Spawn monster count
 E = Non-spawn monster count
 F = Spawn count percentage of total count
 G = Total turns spent on level
                    A         B        C        D         E        F      G
               +---------+---------+-------+---------+---------+-------+---------
         Total |       0 |   15441 |   0.0 |       0 |     339 |   0.0 | 10221
               +---------+---------+-------+---------+---------+-------+---------
           D:1 |       0 |      64 |   0.0 |       0 |      35 |   0.0 |  1217
           D:2 |       0 |     123 |   0.0 |       0 |      22 |   0.0 |   856
           D:3 |       0 |     112 |   0.0 |       0 |      21 |   0.0 |   453
           D:4 |       0 |     783 |   0.0 |       0 |      44 |   0.0 |  1095
           D:5 |       0 |     252 |   0.0 |       0 |      17 |   0.0 |   762
           D:6 |       0 |     751 |   0.0 |       0 |      19 |   0.0 |   472
           D:7 |       0 |    1293 |   0.0 |       0 |      14 |   0.0 |   741
           D:8 |       0 |     409 |   0.0 |       0 |      14 |   0.0 |   710
           D:9 |       0 |     539 |   0.0 |       0 |       7 |   0.0 |   616
          D:10 |       0 |    1817 |   0.0 |       0 |      17 |   0.0 |   913
          D:11 |       0 |    2598 |   0.0 |       0 |      26 |   0.0 |   448
          D:12 |       0 |      21 |   0.0 |       0 |       5 |   0.0 |   151
        Lair:1 |       0 |    5251 |   0.0 |       0 |      25 |   0.0 |   906
         Sewer |       0 |     433 |   0.0 |       0 |      48 |   0.0 |   325
        Bailey |       0 |     995 |   0.0 |       0 |      25 |   0.0 |   323
               +---------+---------+-------+---------+---------+-------+---------
